 Dungeon Crawl Stone Soup version 0.31.0-9-g3a7656b989 (webtiles) character file.

Game seed: 2262376560326665976

226 qw the Ducker (level 5, -1/26 HPs)
             Began as a Spriggan Hunter on Feb 2, 2024.
             Was a Follower of Okawaru.
             Incinerated by a bombardier beetle (3 damage)
             ... with a burning spray
             ... on level 4 of the Dungeon.
             The game lasted 00:00:07 (1936 turns).

qw the Ducker (Spriggan Hunter)                     Turns: 1936, Time: 00:00:07

Health: -1/26      AC:  2    Str:  7    XL:     5   Next: 69%
Magic:  6/6        EV: 22    Int: 10    God:    Okawaru [*.....]
Gold:   189        SH:  0    Dex: 21    Spells: 4/4 levels left

rFire   . . .        a - +0 shortbow
rCold   . . .        (shield currently unavailable)
rNeg    . . .        c - +0 robe
rPois   .            (helmet restricted)
rElec   .            (no cloak)
rCorr   .            (gloves unavailable)
SInv    +            (boots unavailable)
Will    .....        (no amulet)
Stlth   +            (no ring)
HPRegen 0.24/turn    (no ring)
MPRegen 0.10/turn

%: no passive effects
@: on fire, glowing, very quick
A: very small, no large weapons, unfitting armour, see invisible, speed 3
a: Renounce Religion, Heroism


You were on level 4 of the Dungeon.
You worshipped Okawaru.
Okawaru was aware of your devotion.
You visited 1 branch of the dungeon, and saw 4 of its levels.

You collected 189 gold pieces.


Innate Abilities, Weirdness & Mutations

You are very small and have problems with some larger weapons.
You are too small for most types of armour.
You have supernaturally acute eyesight. (SInv)
You cover ground extremely quickly. (Speed+++)


   Skills:
 - Level 2.0 Fighting
 + Level 5.0 Ranged Weapons
 - Level 6.3 Dodging
 - Level 1.5 Stealth
 + Level 1.1 Invocations


You had 4 spell levels left.
You didn't know any spells.
Your spell library was empty.

Inventory:

Hand Weapons
 a - a +0 shortbow (weapon)
Armour
 c - a +0 robe (worn)
Wands
 l - a wand of flame (8)
Scrolls
 f - 4 scrolls of teleportation
 j - a scroll of noise {unknown}
 k - 3 scrolls of blinking {unknown}
Potions
 b - 2 potions of curing
 d - a potion of heal wounds
 e - a potion of resistance {unknown}
 g - 4 potions of enlightenment
 h - a potion of mutation {unknown}
 i - a potion of brilliance {unknown}

Dungeon Overview and Level Annotations

Branches:
Dungeon (4/15)
 Temple: D:4-7

Altars:
Okawaru


Message History

g - 4 potions of enlightenment (gained 1)
f - 4 scrolls of teleportation (gained 1)
k - 3 scrolls labelled QOATAM JAALIOHESEE (gained 2)
A bombardier beetle comes into view.
Found 6 stones.
Enter note:
Enter note: You shoot an arrow.
The arrow hits the bombardier beetle.
The bombardier beetle is lightly wounded.
You shoot an arrow.
The arrow barely misses the bombardier beetle.
You shoot an arrow. The arrow hits the bombardier beetle.
The bombardier beetle is moderately wounded.
You shoot an arrow.
The arrow barely misses the bombardier beetle.
You shoot an arrow. The arrow hits the bombardier beetle.
The bombardier beetle is severely wounded.
The bombardier beetle sprays incendiary fluid at you.
The burning spray hits you.
You are covered in liquid fire!
You shoot an arrow. The arrow hits the bombardier beetle.
The bombardier beetle is severely wounded.
The liquid fire burns you!
You shoot an arrow. The arrow hits the bombardier beetle.
The bombardier beetle is severely wounded.
The liquid fire burns you!
You shoot an arrow.
The arrow barely misses the bombardier beetle.
The liquid fire burns you!
You shoot an arrow. The arrow hits the bombardier beetle.
You kill the bombardier beetle!
Okawaru accepts your kill. The liquid fire burns you!
Your Fighting skill increases to level 2!
Your Invocations skill increases to level 1!
You are on fire!
The liquid fire burns you!
You are on fire!
The liquid fire burns you!
You die...

#####.#....
..........#
..........# ..........
.....(...# ..
...(.....# ...
.........# #.# #@# #.#
#.######.#
#.###.#......###### ##
#.................. .
#####.#......#########
#.#......#........
#.##.#.#.##.#....#
#.##.#.#.........#
.................#


There were no monsters in sight!

Vanquished Creatures
  An ogre (D:4)
  A bombardier beetle (D:4)
  5 adders
  2 ribbon worms
  3 dart slugs
  5 endoplasms
  3 giant cockroaches
  2 goblins
  4 hobgoblins
  2 jackals (D:1)
  2 quokkas
  4 ball pythons (D:1)
  7 bats
  2 frilled lizards
  6 kobolds
  4 rats
53 creatures vanquished.

Notes
Turn   | Place    | Note
-------+----------+-------------------------------------------
     0 | D:1      | qw the Spriggan Hunter began the quest for the Orb.
     0 | D:1      | Reached XP level 1. HP: 10/10 MP: 2/2
     0 | D:1      | 0 ||| qw: Version: 0.3-a-155-g5e7d8dd
     0 | D:1      | 0 ||| qw: Game counter: 1090
     0 | D:1      | 0 ||| qw: Melee chars always use a shield: true
     0 | D:1      | 0 ||| qw: God list: Okawaru
     0 | D:1      | 0 ||| qw: Allow faded altars: false
     0 | D:1      | 0 ||| qw: Do Orc after clearing Dungeon:15 true
     0 | D:1      | 0 ||| qw: Do second Lair branch before Depths: true
     0 | D:1      | 0 ||| qw: Lair rune preference: random
     0 | D:1      | 0 ||| qw: Goals: Normal
     0 | D:1      | 0 ||| PLANNING D:1-11
    33 | D:1      | Reached skill level 3 in Dodging
   124 | D:1      | Reached XP level 2. HP: 14/14 MP: 3/3
   131 | D:1      | Reached skill level 4 in Dodging
   303 | D:1      | Reached XP level 3. HP: 18/18 MP: 4/4
   438 | D:1      | 438 ||| READING 2 scrolls labelled QONGUCUYNU.
   438 | D:1      | 438 ||| IDENTIFYING scroll labelled HIMIJO XAOVEI
   439 | D:1      | 439 ||| READING scroll of identify.
   439 | D:1      | 439 ||| IDENTIFYING scroll labelled GYSSYOLOUR
   440 | D:1      | 440 ||| READING scroll labelled JUOKHLOA BIEPT.
   440 | D:1      | 440 ||| ENCHANTING +0 shortbow.
   441 | D:1      | 441 ||| DROPPING scroll of butterflies.
   442 | D:1      | 442 ||| DROPPING scroll of fog.
   482 | D:2      | Found an iron altar of Okawaru.
   483 | D:2      | 483 ||| PLANNING OKAWARU WORSHIP
   488 | D:2      | Became a worshipper of Warmaster Okawaru
   489 | D:2      | 489 ||| PLANNING D:1-11
   777 | D:2      | Reached XP level 4. HP: 22/22 MP: 5/5
  1198 | D:2      | 1198 ||| READING scroll of identify.
  1198 | D:2      | 1198 ||| IDENTIFYING red potion
  1199 | D:2      | 1199 ||| DRINKING 2 metallic cyan potions.
  1613 | D:3      | Identified the +3 leather armour of Grace {Harm rC- Regen+
                  | Dex+5}
  1699 | D:3      | 1699 ||| READING scroll of identify.
  1699 | D:3      | 1699 ||| IDENTIFYING coppery potion
  1700 | D:3      | 1700 ||| DRINKING 2 bubbling purple potions.
  1701 | D:3      | 1701 ||| DROPPING potion of attraction.
  1730 | D:4      | 1730 ||| PLANNING OSSUARY
  1846 | D:4      | Noticed an ogre
  1847 | D:4      | 1847 ||| ZAPPING wand of flame (15) at -7,6 (ogre; floor).
  1848 | D:4      | 1848 ||| ZAPPING wand of flame (14) at -6,5 (ogre; floor).
  1849 | D:4      | 1849 ||| ZAPPING wand of flame (13) at -5,5 (ogre; floor).
  1850 | D:4      | 1850 ||| ZAPPING wand of flame (12) at -4,4 (ogre; floor).
  1851 | D:4      | 1851 ||| ZAPPING wand of flame (11) at -3,3 (ogre; floor).
  1852 | D:4      | 1852 ||| ZAPPING wand of flame (10) at -2,2 (ogre; floor).
  1853 | D:4      | 1853 ||| ZAPPING wand of flame (9) at -1,1 (ogre; floor).
  1853 | D:4      | Killed an ogre
  1853 | D:4      | Reached * piety under Okawaru
  1854 | D:4      | Reached skill level 6 in Dodging
  1854 | D:4      | Reached XP level 5. HP: 25/25 MP: 6/6
  1934 | D:4      | HP: 5/26 [burnt (6)]
  1935 | D:4      | Reached skill level 1 in Invocations
  1935 | D:4      | HP: 2/26 [burnt (3)]
  1936 | D:4      | Incinerated by a bombardier beetle

Levels and vault maps discovered:
D:1:      amcnicky_arrival_feature_with_door, layout_rooms,
          hangedman_decor_growths
D:2:      layout_basic, basic_altar, grunt_decor_mini_mirrors
D:3:      layout_basic
D:4:      cheibrodos_old_hovel, layout_basic, kennysheep_mini_moat,
          enter_ossuary_4

Skill      XL: |  1  2  3  4  5 |
---------------+----------------+-----
Dodging        | 3 4 6 |  6.3
Ranged Weapons | 5 |  5.0
Fighting       | 2 |  2.0
Invocations    | 1 |  1.1
Stealth        | |  1.5

Action                     |  1- 3 |  4- 6 || total
---------------------------+-------+-------++-------
   Fire: Shortbow          |    80 |    53 ||   133
  Evoke: Wand              |       |     7 ||     7
    Use: Scroll            |     3 |     2 ||     5
         Potion            |       |     2 ||     2
 Armour: Robe              |     4 |     2 ||     6
  Dodge: Dodged            |     8 |    10 ||    18

Table legend:
 A = Non-vault XP
 B = Vault XP
 C = Vault XP percentage of total XP
 D = Non-vault monster count
 E = Vault monster count
 F = Vault count percentage of total count
                 A         B        C        D         E       F
            +---------+---------+-------+---------+---------+-------
      Total |     323 |       0 |   0.0 |      53 |       0 |   0.0
            +---------+---------+-------+---------+---------+-------
        D:1 |      43 |       0 |   0.0 |      25 |       0 |   0.0
        D:2 |      62 |       0 |   0.0 |      12 |       0 |   0.0
        D:3 |      31 |       0 |   0.0 |      11 |       0 |   0.0
        D:4 |     187 |       0 |   0.0 |       5 |       0 |   0.0
            +---------+---------+-------+---------+---------+-------
